 Dungeon Crawl Stone Soup version 0.21-a0-518-g43a1781 (console) character file.

70 hexaflexagon the Chopper (level 4, -3/23 HPs)
             Began as a Gargoyle Gladiator on Dec 4, 2017.
             Slain by Grinder (5 damage)
             ... while paralysed by Grinder
             ... on level 3 of the Dungeon.
             The game lasted 00:03:44 (1408 turns).

hexaflexagon the Chopper (Gargoyle Gladiator)       Turns: 1408, Time: 00:03:44

Health: -3/23      AC:  8    Str: 18    XL:     4   Next: 21%
Magic:  4/4        EV:  2    Int:  9    God:
Gold:   67         SH:  0    Dex: 11    Spells: 3/3 levels left

rFire    . . .     SeeInvis .   a - +0 war axe
rCold    . . .     Gourm    .   (no shield)
rNeg     + . .     Faith    .   b - +0 leather armour
rPois    ∞         Spirit   .   k - +0 helmet
rElec    +         Reflect  .   (no cloak)
rCorr    .         Harm     .   (no gloves)
MR       .....                  p - +0 pair of boots
Stlth    +.........             (no amulet)
HPRegen  0.47/turn              (no ring)
MPRegen  0.09/turn              (no ring)

@: paralysed
A: claws 2, frail 1, negative energy resistance 1, regeneration 1, electricity
resistance, unbreathing, petrification resistance, rot immunity, AC +3
a: no special abilities


You were on level 3 of the Dungeon.
You were not hungry.

You visited 1 branch of the dungeon, and saw 3 of its levels.

You collected 67 gold pieces.

Inventory:

Hand Weapons
 a - a +0 war axe (weapon)
 l - a +1 hand axe of flaming
Missiles
 g - 14 stones (quivered)
 h - 4 tomahawks
Armour
 b - a +0 leather armour (worn)
 k - a +0 helmet (worn)
 p - a +0 pair of boots (worn)
Scrolls
 c - a scroll of enchant weapon {unknown}
 e - a scroll of enchant armour {unknown}
 j - 2 scrolls of identify {unknown}
 m - a scroll of remove curse {unknown}
 n - a scroll of immolation {unknown}
 o - a scroll of teleportation {unknown}
Potions
 i - a potion of mutation
 r - a potion of curing {unknown}
Comestibles
 f - 2 bread rations
 q - a royal jelly
 s - a chunk of flesh


   Skills:
 - Level 2.1 Fighting
 + Level 4.5 Axes
 - Level 1.7 Throwing
 - Level 2.4 Dodging


You had 3 spell levels left.
You didn't know any spells.

Dungeon Overview and Level Annotations

Branches:
Dungeon (3/15)

Altars:

Annotations:
D:2 Sigmund
D:3 Grinder


Innate Abilities, Weirdness & Mutations

You are resistant to torment.
Your stone body is resilient. (AC +3)
You are immune to poison.
You resist negative energy. (rN+)
You are resistant to electric shocks. (rElec)
You can survive without breathing.
You are immune to petrification.
You are immune to rotting.
You have very sharp fingernails.
You are frail. (-10% HP)
Your natural rate of healing is unusually fast.


Message History

Aim: Grinder You throw a throwing net.
The throwing net barely misses Grinder.
Grinder closely misses you.
You barely miss Grinder. Grinder closely misses you.
You barely miss Grinder. Grinder gestures at you.
Pain shoots through your body!
A ball python comes into view.
You closely miss Grinder. Grinder hits you.
You writhe in agony.
Grinder gestures at you.
You suddenly lose the ability to move!
Grinder hits you.
You writhe in agony.
Grinder hits you. Grinder completely misses you. Grinder hits you.
* * * LOW HITPOINT WARNING * * *
You writhe in agony.
* * * LOW HITPOINT WARNING * * *
Grinder hits you.
You die...

.. .#
.# .# #
.##.##
.....
###S.#
#.@5.#
#.##(#
#.# ..
#####.#
.#
#.....#
..
#.#####
.. #.#
# #.#
#<#


You could see Grinder and a ball python.

Vanquished Creatures
  3 adders
  An ooze (D:1)
  A worm (D:2)
  A dart slug (D:2)
  5 bats
  A giant cockroach (D:1)
  9 goblins
  4 hobgoblins
  A kobold (D:2)
  A quokka (D:2)
  A ball python (D:1)
  A frilled lizard (D:1)
  2 rats
31 creatures vanquished.

Notes
Turn   | Place    | Note
-------+----------+-------------------------------------------
     0 | D:1      | hexaflexagon the Gargoyle Gladiator began the quest for the Orb.
     0 | D:1      | Reached XP level 1. HP: 12/12 MP: 1/1
   290 | D:1      | Reached skill level 3 in Axes
   290 | D:1      | Reached XP level 2. HP: 17/17 MP: 2/2
   907 | D:2      | Reached XP level 3. HP: 18/21 MP: 3/3
  1065 | D:2      | Gained mutation: You have sharp fingernails. [potion of mutation]
  1065 | D:2      | Gained mutation: You are frail. (-10% HP) [potion of mutation]
  1065 | D:2      | Gained mutation: You have very sharp fingernails. [potion of mutation]
  1065 | D:2      | Gained mutation: Your natural rate of healing is unusually fast. [potion of mutation]
  1070 | D:2      | Reached skill level 4 in Axes
  1158 | D:2      | Reached XP level 4. HP: 23/23 MP: 4/4
  1373 | D:2      | Noticed Sigmund
  1397 | D:3      | Noticed Grinder
  1403 | D:3      | Paralysed by Grinder for 6 turns
  1407 | D:3      | HP: 1/23 [Grinder (2)]
  1408 | D:3      | Slain by Grinder

Vault maps used:
D:1:      minmay_arrival_loop, st_stairs_1, kennysheep_minor_cross
D:2:      makhleb_grotto_becter, grunt_ashenzari_visionary, uniq_sigmund
D:3:      nicolae_overflow_hidden_temple, first_bread, uniq_natasha, uniq_ijyb,
          uniq_grinder

Skill      XL: |  1  2  3 |
---------------+----------+-----
Axes           | 3 4 |  4.5
Fighting       | |  2.1
Throwing       | |  1.7
Dodging        | |  2.4

Action                   |  1- 3 |  4- 6 || total
-------------------------+-------+-------++-------
Melee: War axe           |    88 |    13 ||   101
       Hand axe          |     1 |       ||     1
Throw: Throwing net      |     1 |     3 ||     4
  Use: Potion            |     2 |       ||     2
 Stab: Held in net/web   |     1 |       ||     1
  Eat: Chunk             |     1 |     1 ||     2
Armor: Leather armour    |    45 |     8 ||    53
Dodge: Dodged            |    67 |    11 ||    78

Table legend:
 A = Spawn XP
 B = Non-spawn XP
 C = Spawn XP percentage of total XP
 D = Spawn monster count
 E = Non-spawn monster count
 F = Spawn count percentage of total count
 G = Total turns spent on level
                    A         B        C        D         E        F      G
               +---------+---------+-------+---------+---------+-------+---------
         Total |       0 |     100 |   0.0 |       0 |      31 |   0.0 |  1408
               +---------+---------+-------+---------+---------+-------+---------
           D:1 |       0 |      39 |   0.0 |       0 |      14 |   0.0 |   916
           D:2 |       0 |      59 |   0.0 |       0 |      16 |   0.0 |   468
           D:3 |       0 |       2 |   0.0 |       0 |       1 |   0.0 |    24
               +---------+---------+-------+---------+---------+-------+---------
